 Seeded DCSS version 0.27-a0-926-g0e6d9124c6 (webtiles) character file.

Game seed: 1642767598979250077 (custom seed)

273 HELP the Stinger (level 6, -5/36 HPs)
             Began as an Octopode Venom Mage on Apr 10, 2021.
             Was an Initiate of Gozag.
             Slain by a sky beast (6 damage)
             ... on level 4 of the Dungeon.
             The game lasted 00:20:46 (5196 turns).

HELP the Stinger (Octopode Venom Mage)              Turns: 5196, Time: 00:20:46

Health: -5/36      AC:  1    Str:  7    XL:     6   Next: 24%
Magic:  8/11       EV: 13    Int: 20    God:    Gozag
Gold:   115        SH:  0    Dex: 12    Spells: 8/11 levels left

rFire    . . .     SeeInvis .   g - +2 dagger (venom)
rCold    . . .     Faith    .   (no shield)
rNeg     . . .     Spirit   .   (helmet restricted)
rPois    .         Reflect  .   (no amulet)
rElec    .         Harm     .   (no ring)
rCorr    .         Rampage  .   (no ring)
Will     .....                  (no ring)
Stlth    ++++......             (no ring)
HPRegen  0.12/turn              (no ring)
MPRegen  0.12/turn              (no ring)
                                (no ring)
                                (no ring)

@: marked
A: almost no armour, amphibious, 8 rings, camouflage 1, gelatinous body 1,
(nimble swimmer 1), tentacles
a: Renounce Religion, Potion Petition, Call Merchant, Bribe Branch


You were on level 4 of the Dungeon.
You worshipped Gozag.
Gozag was aware of your devotion.
You visited 1 branch of the dungeon, and saw 5 of its levels.

You collected 153 gold pieces.
You paid 38 gold pieces to Gozag.

Inventory:

Hand Weapons
 b - a +0 dagger
 g - a +2 dagger of venom (weapon)
Missiles
 c - 13 poisoned darts
 r - 40 sling bullets
Magical Staves
 m - a staff of conjuration
Scrolls
 e - a scroll of immolation {unknown}
 f - 2 scrolls of noise {unknown}
 h - 3 scrolls of teleportation {unknown}
 j - a scroll of holy word {unknown}
 k - a scroll of enchant armour {unknown}
 l - a scroll of identify {unknown}
 o - a scroll of magic mapping {unknown}
 p - a scroll of silence {unknown}
 q - 2 scrolls of torment {unknown}
Potions
 a - 2 potions of haste {unknown}
 d - 5 potions of curing {unknown}
 i - a potion of brilliance {unknown}
 n - a potion of magic {unknown}


   Skills:
 - Level 2.0 Dodging
 + Level 5.0 Stealth
 + Level 3.3 Spellcasting
 - Level 1.1 Transmutations
 * Level 6.3 Poison Magic


You had 8 spell levels left.
You knew the following spells:

 Your Spells              Type           Power      Damage    Failure   Level
a - Sting                 Tmut/Pois      72%        1d6       3%          1
z - Poisonous Vapours     Pois/Air       30%        N/A       6%          2

Your spell library contained the following spells:

 Spells                   Type           Power      Damage    Failure   Level
 Olgreb's Toxic Radiance  Pois           28%        N/A       11%         4
 Ignite Poison            Fire/Tmut/Pois 13%        N/A       16%         3
 Mephitic Cloud           Conj/Pois/Air  11%        N/A       17%         3
 Confusing Touch          Hex            3%         N/A       38%         3
 Gell's Gravitas          Tloc           1%         N/A       38%         3
 Petrify                  Tmut/Erth      5%         N/A       73%         4
 Yara's Violent Unravell  Hex/Tmut       2%         3d3       97%         5
 Metabolic Englaciation   Hex/Ice        1%         N/A       98%         5


Dungeon Overview and Level Annotations

Branches:
Dungeon (5/15)
 Temple: D:4-7

Altars:
Gozag

Shops:
D:2 *

Annotations:
D:3 Jessica


Innate Abilities, Weirdness & Mutations

You cannot wear most types of armour.
You are amphibious.
You can wear up to eight rings at the same time.
Your skin changes colour to match your surroundings (Stealth+).
Your rubbery body absorbs attacks. (AC +1, EV +1)
((You are camouflaged near water. (Stealth+)))
You have tentacles for arms and can constrict up to eight enemies at once.


Message History

Aim: a sky beast (wandering, hasn't noticed you) Poisonous vapours surround the sky beast!
The sky beast is engulfed in poison gas.
The sky beast is poisoned.
Casting: Poisonous Vapours (safe; 6% risk of failure)
Confirm with . or Enter, or press ? or * to list all spells.
Aiming: Poisonous Vapours (safe; 6% risk of failure)
Press: ? - help, Dir - move target, f/p - sky beast
Aim: a sky beast (moderately wounded, poisoned) Poisonous vapours surround the sky beast!
The sky beast is engulfed in poison gas.
The sky beast looks even sicker.
Your magical contamination has completely faded away.
The sky beast sets off the alarm!
The alarm trap emits a blaring wail!
A sentinel's mark forms upon you.
You hear a shout! x2; You hear a bark!
The sky beast flickers out of sight!
Deactivating autopickup; reactivate with Ctrl-A.
There is a stone staircase leading up here.
Something hits you. Something shocks you.
You hit something. Something hits you. Something shocks you.
You miss something.
A hound zombie comes into view.
Something hits you. Something shocks you. Something hits you.
* * * LOW HITPOINT WARNING * * *
Something shocks you.
* * * LOW HITPOINT WARNING * * *
You climb upwards.
Reactivating autopickup.
There is a stone staircase leading down here.
A sky beast appears from thin air!
You barely miss the sky beast.
The sky beast is almost dead.
The sky beast hits you.
* * * LOW HITPOINT WARNING * * *
The sky beast shocks you.
You die...
Your body crumbles into a pile of gold.

#.#.........# #.#
..#.######### #)#
#.#.#.......# #)#
###.#######.####)##
....# #.......#
##..###############
.#...............#
.#...###########.#
.#...#.........#@#
.....#.###.###.#Y#
.....#.#.....#.#.#
.....#.#.#.#.#.#.#
###..#.#...#.#.#.#
###..#.#####.#.#.#
.....#.......#.#>#
.###.#########.#.#
.# #.# #.#.#


You could see a sky beast.

Vanquished Creatures
  A scorpion (D:4)
  2 orc wizards
  Natasha (D:3)
  4 adders
  3 worms (D:3)
  2 dart slugs (D:3)
  12 orcs
  2 ball pythons
  10 endoplasms
  2 giant cockroaches
  9 goblins
  A hobgoblin (D:4)
  4 jackals (D:3)
  4 kobolds
  A quokka (D:1)
  7 bats
  3 frilled lizards (D:1)
  A quokka skeleton (D:4)
  8 rats
77 creatures vanquished.

Notes
Turn   | Place    | Note
-------+----------+-------------------------------------------
     0 | D:1      | HELP the Octopode Venom Mage began the quest for the Orb.
     0 | D:1      | Reached XP level 1. HP: 11/11 MP: 3/3
   208 | D:1      | Reached XP level 2. HP: 17/17 MP: 5/5
   212 | D:1      | Learned a level 2 spell: Poisonous Vapours
   296 | D:1      | Reached skill level 4 in Poison Magic
   815 | D:1      | Reached XP level 3. HP: 20/21 MP: 6/6
  1216 | D:2      | You fall into a shaft and drop 1 floor!
  1862 | D:3      | Reached XP level 4. HP: 27/27 MP: 4/7
  2028 | D:3      | Reached skill level 5 in Poison Magic
  2765 | D:3      | Found a faded altar of an unknown god.
  2803 | D:3      | Reached XP level 5. HP: 31/31 MP: 9/9
  2895 | D:3      | Noticed Jessica
  3277 | D:3      | Noticed Natasha
  3284 | D:3      | Killed Natasha
  3557 | D:2      | Found Oruschia's Assorted Antiques.
  4221 | D:4      | Found an opulent altar of Gozag.
  4224 | D:4      | Became a worshipper of Gozag Ym Sagoz the Greedy
  4778 | D:4      | Reached skill level 6 in Poison Magic
  5060 | D:4      | Reached skill level 5 in Stealth
  5060 | D:4      | Reached XP level 6. HP: 36/36 MP: 5/11
  5165 | D:5      | Entered Level 5 of the Dungeon
  5175 | D:5      | Noticed a sky beast
  5196 | D:4      | HP: 1/36 [sky beast (4)]
  5196 | D:4      | Slain by a sky beast

Illustrated notes

Levels and vault maps discovered:
D:1:      lightli_arrival_noodles, layout_basic
D:2:      layout_loops_ring, serial_shops, nicolae_shop_behind_doors,
          minmay_heptomino_l4
D:3:      layout_basic, ebering_ecumenical_altar_abandoned, uniq_natasha,
          uniq_jessica
D:4:      layout_basic, overflow_temple_1_default,
          minmay_misc_feat_secret_circle
D:5:      layout_gridville, serial_shops, shop

Skill      XL: |  1  2  3  4  5 |
---------------+----------------+-----
Stealth        | 3 4 5 |  5.0
Poison Magic   | 4 5 6 |  6.3
Spellcasting   | 3 |  3.3
Dodging        | |  2.0
Transmutations | |  1.1

Action                   |  1- 3 |  4- 6 || total
-------------------------+-------+-------++-------
Melee: Dagger            |    51 |    38 ||    89
       Tentacles         |     4 |     9 ||    13
       Constrict         |     8 |     9 ||    17
 Cast: Sting             |     5 |     4 ||     9
       Poisonous Vapours |    18 |    36 ||    54
 Stab: Sleeping          |    12 |     5 ||    17
Armor: Skin              |     3 |       ||     3
Dodge: Dodged            |    25 |     6 ||    31

Table legend: (Time is in decaauts)
 A = Elapsed time spent in this place.
 B = Non-inter-level travel time spent in this place.
 C = Inter-level travel time spent in this place.
 D = Time resting spent in this place.
 E = Time spent auto-exploring this place.
 F = Levels seen in this place.
 G = Mean time per level.
                   A        B        C        D        E       F      G
               +--------+--------+--------+--------+--------+-----+--------+
         Total |   5195 |   5014 |    181 |   1501 |   1970 |   5 | 1039.0 |
       Dungeon |   5195 |   5014 |    181 |   1501 |   1970 |   5 | 1039.0 |
               +--------+--------+--------+--------+--------+-----+--------+

Top non-repeatable levels by time:
     D:3: 2360 daAuts
     D:4: 1570 daAuts
     D:1: 1175 daAuts
     D:2: 66 daAuts
     D:5: 23 daAuts
